 Dungeon Crawl Stone Soup version 0.19.5 (webtiles) character file.

1398 JustSomeDude the Chopper (level 8, -4/54 HPs)
             Began as a Demonspawn Fighter on Apr 6, 2017.
             Was a Priest of Hepliaklqana.
             Killed from afar by Septimus the hexer (10 damage)
             ... with an exploding inner flame
             ... created by the player character
             ... hexed by the player character
             ... on level 6 of the Dungeon on Apr 24, 2017.
             The game lasted 00:22:26 (5551 turns).

JustSomeDude the Chopper (Demonspawn Fighter)       Turns: 5551, Time: 00:22:26

Health: -4/54      AC: 10    Str: 20    XL:     8   Next: 41%
Magic:  6/8        EV:  9    Int:  9    God:    Hepliaklqana [***...]
Gold:   320        SH: 14    Dex: 12    Spells: 0 memorised, 7 levels left

rFire  . . .     SeeInvis .     a - +0 war axe
rCold  + . .     Gourm    .     b - +0 scale mail
rNeg   . . .     Faith    +     c - +0 shield
rPois  .         Spirit   .     (no helmet)
rElec  .         Reflect  .     i - +0 cloak
rCorr  .         Harm     .     t - +1 pair of gloves
MR     .....                    (no boots)
Stlth  +.........               j - amulet of faith
                                (no ring)
                                s - ring of protection from cold

@: no status effects
A: reduced essence, claws 1, large bone plates 1, nightstalker 1, powered by
death 2
a: Recall Ancestor, Ancestor Identity, Transference, Renounce Religion


You were on level 6 of the Dungeon.
You worshipped Hepliaklqana.
Hepliaklqana was most pleased with you.
You were not hungry.

You visited 2 branches of the dungeon, and saw 7 of its levels.

You collected 320 gold pieces.

Inventory:

Hand Weapons
 a - a +0 war axe (weapon)
Missiles
 q - 8 tomahawks (quivered)
Armour
 b - a +0 scale mail (worn)
 c - a +0 shield (worn)
 i - a +0 cloak (worn)
 t - a +1 pair of gloves (worn)
 y - a +0 ring mail of fire resistance
Jewellery
 j - an amulet of faith (around neck)
 s - a ring of protection from cold (left hand)
 E - a cursed amulet of regeneration {unknown}
Wands
 w - a wand of confusion (25/48)
 O - a wand of confusion (11/48)
Scrolls
 k - 11 scrolls of identify
 o - 5 scrolls of teleportation {unknown}
 r - a scroll of amnesia {unknown}
 v - a scroll of fog {unknown}
 x - a scroll of blinking {unknown}
 B - a scroll of immolation
 C - a scroll of enchant weapon {unknown}
 J - a scroll of vulnerability {unknown}
Potions
 d - a potion of might
 e - 2 potions of heal wounds {unknown}
 p - 6 potions of curing {unknown}
 u - a potion of invisibility {unknown}
 z - a potion of berserk rage {unknown}
 A - a potion of resistance {unknown}
 G - a potion of degeneration {unknown}
 H - 2 potions of lignification {unknown}
 I - a potion of agility {unknown}
 M - 2 potions of haste {unknown}
Books
 D - a book of Misfortune

   Spells                             Type                      Level
   a - Confusing Touch                Hexes                        1
   b - Confuse                        Hexes                        3
   c - Gell's Gravitas                Hexes/Translocation          3
   d - Petrify                        Transmutation/Earth          4
   e - Metabolic Englaciation         Hexes/Ice                    5
   f - Yara's Violent Unravelling     Hexes/Transmutation          5
 F - a book of Debilitation

   Spells                             Type                      Level
   a - Corona                         Hexes                        1
   b - Slow                           Hexes                        2
   c - Gell's Gravitas                Hexes/Translocation          3
   d - Inner Flame                    Hexes/Fire                   3
   e - Cause Fear                     Hexes                        4
   f - Leda's Liquefaction            Hexes/Earth                  4
 L - a book of Maledictions

   Spells                             Type                      Level
   a - Corona                         Hexes                        1
   b - Ensorcelled Hibernation        Hexes/Ice                    2
   c - Confuse                        Hexes                        3
   d - Tukima's Dance                 Hexes                        3
   e - Dazzling Spray                 Conjuration/Hexes            3
Comestibles
 f - 8 bread rations
 g - 3 slices of pizza
 h - 2 beef jerkies
 n - 2 meat rations
 K - 3 fruits


   Skills:
 + Level 4.4 Fighting
 + Level 6.1 Axes
 + Level 4.3 Armour
 + Level 2.4 Dodging
 + Level 1.5 Stealth
 + Level 5.5 Shields


You had 7 spell levels left.
You didn't know any spells.

Dungeon Overview and Level Annotations

Branches:
Dungeon (6/15)             Temple (1/1) D:6

Altars:
Ashenzari
Cheibriados
Dithmenos
Elyvilon
Fedhas
Gozag
Hepliaklqana
Kikubaaqudgha
Makhleb
Nemelex Xobeh
Okawaru
Qazlal
Sif Muna
Trog
Uskayaw
Vehumet
Xom
Yredelemnul
Zin
The Shining One


Innate Abilities, Weirdness & Mutations

You have sharp fingernails.
You are partially covered in large bone plates. (SH +4)
You are slightly more attuned to the shadows.
You regenerate health from kills.
Your life essence is reduced. (-10% HP)


Message History

The creatures around you are filled with an inner flame!
It was a scroll of immolation.
You block the orc wizard's attack.
Your shield and scale mail prevent you from hitting the orc wizard.
Septimus barely misses the orc wizard.
You block the orc wizard's attack.
Septimus hits the orc wizard but does no damage.
Septimus drains the orc wizard!
You slash the orc wizard!
The orc wizard explodes!
The fiery explosion engulfs you!
The fiery explosion engulfs Septimus.
Septimus resists.
Septimus is severely damaged.
You are engulfed in roaring flames.
Ouch! That really hurt!
* * * LOW HITPOINT WARNING * * *
Septimus is engulfed in roaring flames.
Septimus is engulfed in roaring flames.
Septimus is engulfed in roaring flames.
Septimus the hexer explodes!
The fiery explosion engulfs you!
You die...

..............##
##..###..(...##
#..'_'......#
#.)###......#
##...........#
#........##..#
#####
...#########.#
#.>.# ...## #.#
#≈≈≈# .##.## ##.#
#@.§# ####.##
##..# #§§§# #
##.####...####§###
#
#.....#####.8§8.#
# ##..### #.._..#
# #### ##...## #
###.## #####
###...# #
###...###.....#


There were no monsters in sight!

Vanquished Creatures
  A sky beast (D:6)
  An ice beast (D:5)
  A centaur (D:6)
  A howler monkey (D:6)
  A crimson imp (D:6)
  A jelly (D:5)
  4 orc wizards
  2 bullfrog skeletons
  2 hounds (D:6)
  2 iguanas
  A worker ant (D:4)
  A worker ant zombie (D:6)
  Robin (D:4)
  6 adders
  4 worms
  4 dart slugs
  5 leopard geckos
  7 orcs
  2 bats
  7 giant cockroaches
  14 goblins
  10 hobgoblins
  15 jackals
  2 quokkas
  3 ball pythons
  20 frilled lizards
  A giant cockroach zombie (D:5)
  8 kobolds
  A quokka skeleton (D:4)
  7 rats
  9 fungi (D:2)
  A plant (D:2)
145 creatures vanquished.

Vanquished Creatures (collateral kills)
  Eustachio (D:6)
  A black bear (D:6)
  A centaur (D:6)
  A bullfrog (D:6)
  A scorpion (D:6)
  A hound (D:5)
  An orc wizard (D:6)
  2 orcs (D:5)
  4 jackals
  A quokka (D:5)
14 creatures vanquished.

Vanquished Creatures (others)
  A hexer (D:6)
1 creature vanquished.

Grand Total: 160 creatures vanquished

Notes
Turn   | Place    | Note
-------+----------+-------------------------------------------
     0 | D:1      | JustSomeDude the Demonspawn Fighter began the quest for the Orb.
     0 | D:1      | Reached XP level 1. HP: 18/18 MP: 1/1
   133 | D:1      | Gained mutation: You are slightly more attuned to the shadows. [demonic ancestry]
   133 | D:1      | Reached XP level 2. HP: 23/24 MP: 2/2
   217 | D:1      | Reached skill level 2 in Axes
   634 | D:1      | Gained mutation: You are partially covered in large bone plates. (SH +4) [demonic ancestry]
   634 | D:1      | Reached XP level 3. HP: 24/29 MP: 3/3
   957 | D:2      | Found a blossoming altar of Fedhas.
  1611 | D:2      | Gained mutation: You regenerate a little health from kills. [demonic ancestry]
  1611 | D:2      | Reached XP level 4. HP: 35/35 MP: 4/4
  2443 | D:3      | Reached skill level 3 in Axes
  2615 | D:4      | Reached XP level 5. HP: 36/41 MP: 5/5
  2642 | D:4      | Reached skill level 1 in Dodging
  2888 | D:4      | Noticed Robin
  2900 | D:4      | Killed Robin
  2906 | D:4      | Reached XP level 6. HP: 47/47 MP: 6/6
  3053 | D:4      | Found a shimmering altar of Xom.
  3054 | D:4      | Found a hazy altar of Hepliaklqana.
  3054 | D:4      | Noticed a hell beast
  3055 | D:4      | Noticed a hell beast
  3055 | D:4      | Noticed a spectral ugly thing
  3064 | D:4      | Became a worshipper of Hepliaklqana the Forgotten
  3184 | D:5      | Entered Level 5 of the Dungeon
  3242 | D:5      | Reached skill level 4 in Axes
  3266 | D:5      | Found an ancient bone altar of Kikubaaqudgha.
  3382 | D:5      | Reached * piety under Hepliaklqana
  3444 | D:5      | Noticed an ice beast
  3453 | D:5      | Killed an ice beast
  3868 | D:5      | Gained mutation: You regenerate health from kills. [demonic ancestry]
  3868 | D:5      | Reached XP level 7. HP: 46/47 MP: 7/7
  3939 | D:5      | Reached ** piety under Hepliaklqana
  3940 | D:5      | Remembered your ancestor Septimus as a hexer
  4478 | D:6      | Found an opulent altar of Gozag.
  4681 | D:6      | Reached skill level 1 in Stealth
  4882 | D:6      | Reached skill level 5 in Axes
  5005 | D:6      | Found a staircase to the Ecumenical Temple.
  5016 | Temple   | Entered the Ecumenical Temple
  5016 | Temple   | Reached *** piety under Hepliaklqana
  5234 | D:6      | Reached skill level 5 in Shields
  5292 | D:6      | Gained mutation: You have sharp fingernails. [demonic ancestry]
  5292 | D:6      | Reached XP level 8. HP: 54/54 MP: 8/8
  5406 | D:6      | Noticed Eustachio
  5444 | D:6      | Killed Eustachio
  5444 | D:6      | Reached skill level 6 in Axes
  5524 | D:6      | Found a deep blue altar of Sif Muna.
  5549 | D:6      | HP: 1/54 [cloud of flame (28)]
  5551 | D:6      | Killed from afar by Septimus the hexer

Skill      XL: |  1  2  3  4  5  6  7  8 |
---------------+-------------------------+-----
Axes           | 2 3 4 5 6 |  6.1
Shields        | 3 4 5 |  5.5
Armour         | 3 4 |  4.3
Dodging        | 1 2 |  2.4
Fighting       | 4 |  4.4
Stealth        | 1 |  1.5

Action                   |  1- 3 |  4- 6 |  7- 9 || total
-------------------------+-------+-------+-------++-------
Melee: War axe           |   199 |   268 |   138 ||   605
Invok: Ancestor Identity |       |     1 |       ||     1
       Recall Ancestor   |       |       |     2 ||     2
       Ancestor Life: He |       |       |     1 ||     1
  Use: Scroll            |       |     2 |     4 ||     6
 Stab: Distracted        |       |     2 |     2 ||     4
       Confused          |       |       |     1 ||     1
  Eat: Chunk             |     3 |     7 |     1 ||    11
       Meat ration       |       |       |     1 ||     1
Armor: Scale mail        |    66 |    83 |    43 ||   192
Dodge: Dodged            |    34 |    47 |    26 ||   107
Block: Shield            |   115 |   195 |   108 ||   418
